 Dungeon Crawl Stone Soup version 0.31.0-11-ge490571c62 (webtiles) character file.

Game seed: 8520500695176338491

183 Bobbunny the Trooper (level 5, -1/51 HPs)
             Began as a Naga Fighter on Feb 3, 2024.
             Slain by a sleepcap (7 damage)
             ... on level 3 of the Dungeon.
             The game lasted 00:02:04 (2758 turns).

Bobbunny the Trooper (Naga Fighter)                 Turns: 2758, Time: 00:02:04

Health: -1/51      AC:  7    Str: 27    XL:     5   Next: 62%
Magic:  5/5        EV:  6    Int:  8    God:
Gold:   188        SH:  4    Dex: 10    Spells: 4/4 levels left

rFire   . . .        a - +0 war axe
rCold   . . .        c - +0 buckler
rNeg    . . .        q - +0 chain mail
rPois   +            (no helmet)
rElec   .            p - +0 cloak
rCorr   .            (no gloves)
SInv    +            (no barding)
Will    .....        (no amulet) Stlth
                     u - +6 ring of strength
HPRegen 0.28/turn    (no ring)
MPRegen 0.09/turn

%: no passive effects
@: very slow
A: AC +1, large, see invisible, deformed body, poison resistance, slowness 2,
spit poison 1, naga tail 1
a: Spit Poison


You were on level 3 of the Dungeon.
You visited 1 branch of the dungeon, and saw 4 of its levels.

You collected 188 gold pieces.

Inventory:

Hand Weapons
 a - a +0 war axe (weapon)
Armour
 c - a +0 buckler (worn)
 p - a +0 cloak (worn)
 q - a +0 chain mail (worn)
Jewellery
 u - a +6 ring of strength (left hand)
 v - an amulet of magic regeneration
Scrolls
 b - 2 scrolls of fear {unknown}
 f - 2 scrolls of identify {unknown}
 g - a scroll of vulnerability {unknown}
 j - a scroll of teleportation {unknown}
 k - a scroll of revelation {unknown}
 l - 2 scrolls of blinking {unknown}
 m - a scroll of enchant armour {unknown}
 s - a scroll of enchant weapon {unknown}
 t - a scroll of immolation {unknown}
Potions
 d - a potion of might
 e - a potion of heal wounds {unknown}
 h - a potion of magic {unknown}
 i - a potion of attraction {unknown}
 n - a potion of degeneration {unknown}
 o - a potion of berserk rage {unknown}
 r - a potion of enlightenment {unknown}
 w - a potion of ambrosia {unknown}


   Skills:
 + Level 4.6 Fighting
 + Level 4.0 Axes
 - Level 2.4 Armour
 + Level 2.7 Stealth
 - Level 2.6 Shields


You had 4 spell levels left.
You didn't know any spells.
Your spell library contained the following spells:

 Spells                   Type           Power      Damage    Failure   Level
 Mercury Vapours          Alch/Air       0%         N/A       98%         2
 Mephitic Cloud           Conj/Alch/Air  0%         N/A       100%        3
 Freezing Cloud           Conj/Ice/Air   0%         6-21      100%        5


Dungeon Overview and Level Annotations

Branches:
Dungeon (4/15)
 Temple: D:4-7

Altars:
Yredelemnul


Innate Abilities, Weirdness & Mutations

Your serpentine skin is tough. (AC +1)
You have supernaturally acute eyesight. (SInv)
Armour fits poorly on your strangely shaped body.
Your system is resistant to poisons. (rPois)
You cover ground very slowly.
You can spit poison.
You have a snake-like lower body.


Message History

The orc hits you with a +0 mace.
The orc hits you from afar with a +0 trident.
You block the orc's attack.
Your Axes skill increases to level 4!
You barely miss the orc.
The orc is almost dead.
The orc hits you but does no damage. x2
You hit the orc.
You kill the orc!
The orc barely misses you.
The orc hits you from afar with a +0 trident!
* * * LOW HITPOINT WARNING * * *
The orc attacks as it pursues you!
The orc hits you from afar with a +0 trident.
* * * LOW HITPOINT WARNING * * *
The orc attacks as it pursues you!
The orc hits you from afar with a +0 trident.
* * * LOW HITPOINT WARNING * * *
The orc attacks as it pursues you! You block the orc's attack.
The orc hits you from afar with a +0 trident.
* * * LOW HITPOINT WARNING * * *
Found a stone staircase leading down.
The sleepcap releases spores at you but does no damage.
The orc attacks as it pursues you!
The orc hits you from afar with a +0 trident.
* * * LOW HITPOINT WARNING * * *
The sleepcap attacks as it pursues you!
The sleepcap releases spores at you but does no damage.
There is a stone staircase leading up here.
The orc hits you but does no damage. The sleepcap releases spores at you.
* * * LOW HITPOINT WARNING * * *
You climb upwards.
There is a stone staircase leading down here.
You hit the sleepcap.
The sleepcap is lightly damaged.
You block the sleepcap's attack.
You hit the sleepcap but do no damage.
The sleepcap is lightly damaged.
The sleepcap releases spores at you!
You die...

##############.###.##
#.## ##.# ##.###.##
##.#.## ##.##
########## #.#
.........# #.#
########.# #.# #.#
#@# #)# #f# #.# #.#
########.#### #.#
............# #.#
########.##.####.#
#.##.#....#
#.##.#.#### #.##.#.#


You could see a sleepcap.

Vanquished Creatures
  An orc wizard (D:4)
  8 adders
  2 dart slugs
  7 orcs
  4 bats
  10 endoplasms
  A giant cockroach (D:1)
  8 hobgoblins
  2 jackals (D:3)
  4 quokkas
  6 ball pythons
  3 frilled lizards (D:1)
  4 goblins
  8 kobolds
  6 rats
74 creatures vanquished.

Notes
Turn   | Place    | Note
-------+----------+-------------------------------------------
     0 | D:1      | Bobbunny the Naga Fighter began the quest for the Orb.
     0 | D:1      | Reached XP level 1. HP: 21/21 MP: 1/1
    54 | D:1      | Reached XP level 2. HP: 22/28 MP: 2/2
   685 | D:1      | Reached XP level 3. HP: 33/34 MP: 3/3
  1158 | D:2      | Reached XP level 4. HP: 44/44 MP: 4/4
  1771 | D:3      | Reached skill level 1 in Stealth
  2079 | D:3      | Reached XP level 5. HP: 51/51 MP: 5/5
  2407 | D:3      | Found a faded altar of an unknown god.
  2411 | D:3      | Found a basalt altar of Yredelemnul.
  2758 | D:3      | Slain by a sleepcap

Illustrated notes

Levels and vault maps discovered:
D:1:      dpeg_arrival_tiny_g, layout_basic, corexii_corridor_pit,
          nicolae_eternal_life, dreamdust_princess_bridge
D:2:      layout_basic
D:3:      layout_loops_ring, nicolae_overflow_ecumenical_swirl
D:4:      minmay_diamond_boxcup, layout_cave_pods,
          mainiacjoe_overflow_six_doors_small, kennysheep_mini,
          kennysheep_generic_room_10

Skill      XL: |  1  2  3  4  5 |
---------------+----------------+-----
Axes           | 3 4 |  4.0
Fighting       | 4 |  4.6
Stealth        | 1 2 |  2.7
Armour         | |  2.4
Shields        | |  2.6

Action                     |  1- 3 |  4- 6 || total
---------------------------+-------+-------++-------
  Melee: War axe           |   103 |   120 ||   223
Ability: Spit Poison       |       |     2 ||     2
 Armour: Scale mail        |    83 |    58 ||   141
         Chain mail        |       |    66 ||    66
  Dodge: Dodged            |    46 |    55 ||   101
  Block: Buckler           |    23 |    24 ||    47
